Magino Gap 4v4 BishBashBosh

Match 21279186
End
Vickers Machine Gun Team
Selects Australian Defense Battlegroup
Selects Australian Light Infantry Section
Australian Light Infantry Section
Construct Section Command Post
Infantry Section
Infantry Section
Selects 2-pounder Anti-tank Gun Team
2-pounder Anti-tank Gun Team
Construct Platoon Command Post
CMP 15cwt Truck
ML 3-inch Mortar Team
Selects CMP 15cwt Supply Run
Unlock Bishop Self-propelled Artillery
Bishop Self-propelled Artillery
6-pounder Anti-tank Gun Team
Construct Company Command Post
Selects Reinforced Resource Caches
Selects Charged Creeping Barrage
Unlock Towed 17-pounder Anti-tank Guns
17-pounder Anti-tank Gun Team
Foot Guards Section
Matilda II Heavy Tank
Matilda II Heavy Tank
Armored Vehicle Training
Charged Creeping Barrage
Royal Engineer Section
Selects Vehicle Over Repair
Foot Guards Section
Royal Engineer Section
Charged Creeping Barrage
Royal Engineer Section
17-pounder Anti-tank Gun Team
Random_Target
Bish Bash Bosh
Dahlian
Bass
GodlySn4ke
BaconXL
Alvarez
Goldrabe
0
0

Comments sign in to comment!

No comments posted yet!